 Dungeon Crawl Stone Soup version 0.29-a0-320-g9f8742066b (webtiles) character file.

Game seed: 256090430010687921

1698 freelancePsychic the Cutter (level 8, -10/64 HPs)
             Began as a Demonspawn Artificer on Apr 2, 2022.
             Was a Follower of Cheibriados.
             Mangled by an ogre
             ... wielding a +0 giant club
              (16 damage)
             ... on level 6 of the Dungeon.
             The game lasted 00:09:48 (7535 turns).

freelancePsychic the Cutter (Demonspawn Artificer)  Turns: 7535, Time: 00:09:49

Health: -10/64     AC:  9    Str: 15    XL:     8   Next: 72%
Magic:  8/8        EV: 11    Int: 17    God:    Cheibriados [*.....]
Gold:   246        SH:  0    Dex: 18    Spells: 4/7 levels left

rFire   . . .      SeeInvis .   g - +0 dagger (elec)
rCold   . . .      Faith    .   (no shield)
rNeg    . . .      Spirit   .   b - +0 leather armour
rPois   .          Reflect  .   (no helmet)
rElec   .          Harm     .   (no cloak)
rCorr   .          Rampage  .   m - +0 pair of gloves
Will    .....                   v - +0 pair of boots
Stlth   ++........              (no amulet)
HPRegen 0.20/turn               s - +4 ring of protection
MPRegen 0.11/turn               (no ring)

@: very slow
A: demonic guardian 2, weakness stinger 2
a: Renounce Religion, Bend Time


You were on level 6 of the Dungeon.
You worshipped Cheibriados.
Cheibriados was aware of your devotion.
You visited 2 branches of the dungeon, and saw 7 of its levels.

You collected 246 gold pieces.

Inventory:

Hand Weapons
 a - a +0 club
 g - a +0 dagger of electrocution (weapon)
 i - a +0 dagger of pain
Armour
 b - a +0 leather armour (worn)
 m - a +0 pair of gloves (worn)
 o - a +0 scale mail
 v - a +0 pair of boots (worn)
Jewellery
 s - a +4 ring of protection (left hand)
Wands
 c - a wand of flame (7) (quivered)
 d - a wand of charming (14)
 e - a wand of iceblast (7)
 p - a wand of mindburst (16)
Scrolls
 f - a scroll of vulnerability
 q - a scroll of amnesia
 t - a scroll of torment
 x - 2 scrolls of noise {unknown}
 y - a scroll of brand weapon
 z - 3 scrolls of identify {@r1}
 A - a scroll of fog
Potions
 h - a potion of haste {unknown}
 j - 2 potions of curing {@q1}
 k - a potion of flight {unknown}
 l - 2 potions of degeneration {unknown}
 n - 2 potions of cancellation {unknown}
 r - 2 potions of attraction {unknown}
 u - 2 potions of magic {unknown}
 w - a potion of ambrosia {unknown}


   Skills:
 + Level 5.9 Fighting
 * Level 7.3 Short Blades
 - Level 1.7 Armour
 - Level 0.8 Dodging
 - Level 0.8 Stealth
 - Level 2.7 Necromancy
 + Level 1.9 Ice Magic
 - Level 4.2 Evocations


You had 4 spell levels left.
You knew the following spells:

 Your Spells              Type           Power      Damage    Failure   Level
a - Frozen Ramparts       Ice            12%        1d3       36%         3

Your spell library contained the following spells:

 Spells                   Type           Power      Damage    Failure   Level
 Freeze                   Ice            24%        1d5       13%         1
 Hailstorm                Conj/Ice       3%         3d3       89%         4
 Ice Form                 Ice/Tmut       3%         N/A       89%         4
 Summon Ice Beast         Ice/Summ       3%         N/A       89%         4


Dungeon Overview and Level Annotations

Branches:
Dungeon (6/15)             Temple (1/1) D:4

Altars:
Ashenzari
Cheibriados
Dithmenos
Elyvilon
Fedhas
Gozag
Kikubaaqudgha
Nemelex Xobeh
Okawaru
Qazlal
Ru
Sif Muna
Trog
Uskayaw
Wu Jian
Xom
Yredelemnul
The Shining One

Annotations:
D:4 exclusion: oklob plant


Innate Abilities, Weirdness & Mutations

A demonic guardian rushes to your aid.
You have a tail ending in a sharp stinger.


Message History

The orc warrior is almost dead.
The orc barely misses you.
The orc warrior hits you but does no damage.
You closely miss the orc warrior.
You tail-slap the orc warrior, but do no damage.
The orc warrior is almost dead.
The orc warrior closely misses you. The orc hits you but does no damage.
You hit the orc warrior but do no damage.
The orc warrior is almost dead.
You hit the orc warrior but do no damage.
The orc warrior is almost dead.
The orc hits you but does no damage.
The orc warrior hits you with a +0 battleaxe!
A demonic guardian appears!
You are too injured to fight recklessly!
You are too injured to fight recklessly!
You are too injured to fight recklessly!
The ogre attacks as you move away! The ogre hits you with a +0 giant club!
Your hellwing barely misses the orc.
Your hellwing hits the orc. The orc hits you but does no damage.
The orc warrior barely misses you.
Aiming: Mindburst
Press: ? - help, Shift-Dir - straight line, f - orc warrior
Aim: an orc warrior, wielding a +0 battleaxe and wearing a +0 plate armour (almost dead, chance to affect: 79%)
The orc warrior's mind is blasted!!
You blow up the orc warrior!
Cheibriados appreciates the change of pace.
Your hellwing hits the orc!
The orc dies!
Cheibriados thoroughly appreciates the change of pace.
Aiming: Mindburst
Press: ? - help, Shift-Dir - straight line, f - ogre
Aim: an ogre, wielding a +0 giant club (chance to affect: 79%)
The ogre's mind is blasted!!
The ogre hits you with a +0 giant club!!
* * * LOW HITPOINT WARNING * * *
Your hellwing hits the orc.
Your hellwing completely misses the orc.
The orc misses your hellwing. The ogre attacks as you move away!
The ogre hits you with a +0 giant club!
You die...

##. #........$.
#..##?..........
#................
.....#..........#
...#...........
#............. #..
####4............ ...
#...o........$... ...
#..@O........... ...
#...........#...
#.###†.<.#.##..#....
#.....)..............
...#............#.......
#........###.......###.
#.........###.......#
#...#.......##........#
....#......######.....#


You could see an ogre (ally target), an orc (distracted) and a friendly hellwing
(summoned).

Vanquished Creatures
  Sigmund (D:2)
  A yak (D:4)
  An orc warrior (D:6)
  2 black bears
  A phantom (D:3)
  2 kobold brigands
  2 scorpions (D:4)
  2 hounds (D:4)
  A jelly (D:4)
  A gnoll shaman (D:4)
  An iguana (D:6)
  4 orc wizards
  4 gnolls
  9 adders
  A white imp (D:6)
  2 ufetubi
  A worm (D:4)
  3 dart slugs
  13 orcs
  8 ball pythons
  3 bats
  3 endoplasms
  6 giant cockroaches
  9 goblins
  7 hobgoblins
  9 kobolds
  3 quokkas
  4 frilled lizards
  6 rats
110 creatures vanquished.

Vanquished Creatures (collateral kills)
  A yak (D:4)
  An ogre (D:5)
  An orc priest (D:3)
  An iguana (D:3)
  3 gnolls
  A worm (D:2)
  4 orcs
  An endoplasm (D:2)
  A goblin (D:2)
  3 ball pythons
  A rat (D:3)
18 creatures vanquished.

Vanquished Creatures (others)
  5 plants (D:4)
  12 toadstools (D:4)
17 creatures vanquished.

Grand Total: 145 creatures vanquished

Notes
Turn   | Place    | Note
-------+----------+-------------------------------------------
     0 | D:1      | freelancePsychic the Demonspawn Artificer began the quest
                  | for the Orb.
     0 | D:1      | Reached XP level 1. HP: 15/15 MP: 1/1
     5 | D:1      | Noticed a five-headed hydra
     8 | D:1      | Noticed an anaconda
   343 | D:1      | Gained mutation: A weak demonic guardian rushes to your
                  | aid. [demonic ancestry]
   343 | D:1      | Reached XP level 2. HP: 22/22 MP: 2/2
   657 | D:1      | Reached skill level 1 in Short Blades
  1385 | D:1      | Reached XP level 3. HP: 27/27 MP: 3/3
  1485 | D:1      | Found a faded altar of an unknown god.
  1880 | D:2      | Noticed Sigmund
  1882 | D:2      | Killed Sigmund
  1883 | D:2      | Reached skill level 3 in Short Blades
  1883 | D:2      | Reached XP level 4. HP: 35/35 MP: 4/4
  1883 | D:2      | Gained mutation: You have a small tail. [demonic ancestry]
  1883 | D:2      | Reached XP level 5. HP: 41/41 MP: 5/5
  2490 | D:2      | Reached skill level 4 in Short Blades
  2853 | D:2      | Gained mutation: A demonic guardian rushes to your aid.
                  | [demonic ancestry]
  2853 | D:2      | Reached XP level 6. HP: 41/47 MP: 6/6
  3366 | D:3      | Found a sparkling altar of Nemelex Xobeh.
  4441 | D:3      | Reached skill level 5 in Short Blades
  4441 | D:3      | Gained mutation: You have a tail ending in a sharp stinger.
                  | [demonic ancestry]
  4441 | D:3      | Reached XP level 7. HP: 26/54 MP: 7/7
  4712 | D:4      | Found an iron altar of Okawaru.
  4732 | D:4      | Found a staircase to the Ecumenical Temple.
  4743 | Temple   | Entered the Ecumenical Temple
  4784 | Temple   | Became a worshipper of Cheibriados the Contemplative
  4804 | D:4      | Noticed a yak
  4806 | D:4      | Noticed a yak
  4806 | D:4      | Noticed a yak
  4816 | D:4      | Killed a yak
  4817 | D:4      | Reached skill level 1 in Necromancy
  4820 | D:4      | Killed a yak
  4821 | D:4      | Reached skill level 5 in Fighting
  4821 | D:4      | Reached skill level 6 in Short Blades
  4821 | D:4      | Reached XP level 8. HP: 39/62 MP: 8/8
  4960 | D:4      | Identified the +1 spear of Truncation {drain, Int+4}
  5825 | D:4      | Found a blossoming altar of Fedhas.
  5853 | D:4      | Noticed an oklob plant
  6019 | D:5      | Entered Level 5 of the Dungeon
  6460 | D:5      | Reached * piety under Cheibriados
  6619 | D:5      | Found a broken altar of Ashenzari.
  7203 | D:5      | Reached skill level 1 in Ice Magic
  7411 | D:5      | Learned a level 3 spell: Frozen Ramparts
  7425 | D:6      | Reached skill level 7 in Short Blades
  7535 | D:6      | Mangled by an ogre

Illustrated notes

Levels and vault maps discovered:
D:1:      sevenhm_arrival_forest_fort_small_2, layout_basic,
          chequers_ecumenical_altar_lobes, minmay_tall_x
D:2:      layout_rooms, minmay_ruptured, uniq_sigmund
D:3:      layout_loops_corners, nemelex_dance_club_becter, serial_aquarium,
          aquarium_bridge_straight [aquarium_subvault_bridge,
          aquarium_subvault_window, aquarium_subvault_bridge,
          aquarium_subvault_window], aquarium_bridge_straight
          [aquarium_subvault_bridge, aquarium_subvault_wall,
          aquarium_subvault_bridge, aquarium_subvault_wall], aquarium_window_2,
          aquarium_window_corner, aquarium_window_1, aquarium_window_1,
          aquarium_view_2c, aquarium_view_2g, aquarium_balcony_3b,
          kennysheep_doodads
D:4:      layout_loops_ring, mainiacjoe_overflow_tiny_flanked, tgw_fedhas,
          minmay_temple_entry_gardened_gates
D:5:      layout_rooms, nicolae_ashenzari_skybound, tso_oasis_becter,
          minivault_14
D:6:      cheibrodos_quashed, layout_cave_pools, st_stairs_14
Temple:   cyrus_circular_temple

Skill      XL: |  1  2  3  4  5  6  7  8 |
---------------+-------------------------+-----
Fighting       | 2 3 4 5 |  5.9
Short Blades   | 1 3 4 5 6 7 |  7.3
Evocations     | 4 |  4.2
Necromancy     | 1 2 |  2.7
Ice Magic      | 1 |  1.9
Armour         | |  1.7
Dodging        | |  0.8
Stealth        | |  0.8

Action                   |  1- 3 |  4- 6 |  7- 9 || total
-------------------------+-------+-------+-------++-------
Melee: Club              |    32 |       |       ||    32
       Dagger            |   105 |   230 |   235 ||   570
       Punch             |     1 |     3 |     1 ||     5
       Tailslap          |       |    33 |    29 ||    62
Evoke: Wand              |     3 |     6 |     4 ||    13
  Use: Scroll            |       |     5 |     1 ||     6
       Potion            |       |     1 |       ||     1
 Stab: Sleeping          |     1 |     2 |     1 ||     4
Armor: Leather armour    |    44 |    87 |    98 ||   229
Dodge: Dodged            |   100 |   118 |   136 ||   354

Table legend: (Time is in decaauts)
 A = Elapsed time spent in this place.
 B = Non-inter-level travel time spent in this place.
 C = Inter-level travel time spent in this place.
 D = Time resting spent in this place.
 E = Time spent auto-exploring this place.
 F = Levels seen in this place.
 G = Mean time per level.
                   A        B        C        D        E       F      G
               +--------+--------+--------+--------+--------+-----+--------+
         Total |   7873 |   7598 |    275 |    700 |   5629 |   7 | 1124.7 |
       Dungeon |   7710 |   7454 |    256 |    600 |   5629 |   6 | 1285.0 |
        Temple |    163 |    145 |     18 |    100 |      0 |   1 |  163.0 |
               +--------+--------+--------+--------+--------+-----+--------+

Top non-repeatable levels by time:
     D:1: 1841 daAuts
     D:4: 1806 daAuts
     D:3: 1435 daAuts
     D:2: 1269 daAuts
     D:5: 1217 daAuts
  Temple: 163 daAuts
     D:6: 141 daAuts
